 Dungeon Sprint DCSS version 0.21-a0-104-g7b58145 (webtiles) character file.

6598 Kidiri the Unseen (level 10, -1/51 (53) HPs)
             Began as a Spriggan Enchanter on July 6, 2017.
             Was a Priest of Dithmenos.
             Slain by a sphinx (9 damage)
             ... in the Dungeon (Sprint II: "The Violet Keep of Menkaure").
             The game lasted 00:12:58 (1968 turns).

Kidiri the Unseen (Spriggan Enchanter)              Turns: 1968, Time: 00:12:59

HP:   -1/51 (53)    AC:  3    Str:  4    XL:     10   Next: 71%
MP:   19/28         EV: 32    Int: 18    God:    Dithmenos [***...]
Gold: 786           SH:  8    Dex: 19    Spells: 23/35 levels left

rFire    + + .     SeeInvis +   w - +5 short sword (speed)
rCold    . . .     Gourm    .   m - +0 buckler
rNeg     . . .     Faith    .   b - +0 robe
rPois    .         Spirit   .   k - +1 hat
rElec    .         Reflect  +   (no cloak)
rCorr    .         Harm     .   (gloves unavailable)
MR       +....     NoTele   +   (boots unavailable)
Stlth    +++++++++.             f - +3 amulet of reflection
HPRegen  0.17/turn              l - ring of protection from fire
MPRegen  0.21/turn              r - ring of protection from fire

@: very slightly contaminated, slowed, wreathed by umbra, quick
A: unfitting armour, see invisible, herbivore 3, speed 3, slow metabolism 2
a: Shadow Step, Renounce Religion


You were in the Dungeon.
You worshipped Dithmenos.
Dithmenos was most pleased with you.
You were not hungry.

You visited 1 branch You collected 1632 gold pieces.
You spent 846 gold pieces at shops.

Inventory:

Hand Weapons
 w - a +5 short sword of speed (weapon)
Armour
 b - a +0 robe (worn)
 k - a +1 hat (worn)
 m - a +0 buckler (worn)
Jewellery
 f - a +3 amulet of reflection (around neck)
 l - a ring of protection from fire (left hand)
 r - a ring of protection from fire (right hand)
Scrolls
 j - 2 scrolls of blinking
 q - a scroll of fear {unknown}
 s - a scroll of recharging {unknown}
 y - a scroll of immolation {unknown}
 z - a scroll of remove curse {unknown}
Potions
 e - a potion of curing
 h - 4 potions of magic
 n - a potion of invisibility
 p - a potion of might
 t - 4 potions of resistance
 u - a potion of berserk rage
 v - 2 potions of lignification
 A - 3 potions of flight
 B - a potion of brilliance
Books
 c - a book of Maledictions

   Spells                             Type                      Level
   a - Corona                         Hexes                        1
   b - Ensorcelled Hibernation        Hexes/Ice                    2
   c - Confuse                        Hexes                        3
   d - Tukima's Dance                 Hexes                        3
   e - Dazzling Spray                 Conjuration/Hexes            3
Comestibles
 d - 3 bread rations


   Skills:
 + Level 6.4 Fighting
 * Level 12.0 Short Blades
 + Level 5.8 Armour
 * Level 15.1 Dodging
 * Level 16.4 Stealth
 * Level 13.2 Spellcasting
 + Level 10.0 Hexes
 + Level 4.2 Invocations


You had 23 spell levels left.
You knew the following spells:

 Your Spells              Type           Power        Failure   Level  Hunger
a - Corona                Hex            #####..      1%          1    None
b - Ensorcelled Hibernat  Hex/Ice        ####..       1%          2    None
c - Confuse               Hex            #####...     1%          3    None
d - Tukima's Dance        Hex            #####...     1%          3    None
e - Dazzling Spray        Conj/Hex       ####..       3%          3    None


Dungeon Overview and Level Annotations

Branches:
Dungeon (1/1)

Altars:
Cheibriados
Dithmenos
Elyvilon
Fedhas
Gozag
Hepliaklqana
Kikubaaqudgha
Makhleb
Nemelex Xobeh
Okawaru
Qazlal
Ru
Sif Muna
Trog
Uskayaw
Vehumet
Wu Jian
Xom
Yredelemnul
Zin
The Shining One
Beogh
Jiyva
Lugonu

Shops:
D [=:!!(%!!=?[:(*}

Annotations:
D exclusions: oklob plant, skeletal warrior and swamp drake, Kirke


Innate Abilities, Weirdness & Mutations

You are very small and have problems with some larger weapons.
You are too small for most types of armour.
You have supernaturally acute eyesight. (SInv)
You are a herbivore.
You cover ground extremely quickly.
You need consume almost no food.


Message History

You are very lightly contaminated with residual magic.
The light around you dims momentarily. You block the sphinx's attack.
The sphinx completely misses you. x2
The sphinx casts a spell.
Something smites you! The sphinx hits you!
* * * LOW HITPOINT WARNING * * *
You block the sphinx's attack. x2
Unknown command.
Casting: Dazzling Spray
Confirm with . or Enter, or press ? or * to list all spells.
Aiming: Dazzling Spray
Press: ? - help, Shift-Dir - straight line The spray of energy hits the sphinx.
The sphinx is lightly wounded.
The spray of energy hits the sphinx.
The sphinx is lightly wounded.
The sphinx hits you.
* * * LOW HITPOINT WARNING * * *
The sphinx hits you!
You die...

#▓[).[[([.▓▓
#▓.......(▓▓
#▓▓▓▓▓▓▓+▓▓▓▓+▓
§≈§§≈≈≈≈...≈≈≈▓
######'###.≈≈≈▓
.....#§≈≈##§§≈▓
_....#§≈≈≈####▓▓▓▓▓
._...#§§≈§§##..#$$▓
_._..#≈§≈§§§#..#@H▓
._._.#≈≈≈§§§+..'H$▓
_._._#§≈≈≈§§#..#$.▓
._._.#≈≈§≈§≈▓..#$$▓
_._..#§§≈≈▓▓▓▓▓▓▓▓▓
######§≈§≈▓z..
≈≈≈≈≈≈§≈≈≈▓..z
######≈▓▓▓▓▓▓▓ #▓▓


You could see 2 sphinxes.

Vanquished Creatures
  A kraken (D)
  2 deep trolls (D)
  2 spiny frogs (D)
  A yaktaur (D)
  3 polar bears (D)
  2 tyrant leeches (D)
  A hornet (D)
  2 hippogriffs (D)
  2 wyverns (D)
  3 yaks (D)
  Menkaure (D)
  4 necrophages (D)
  3 crocodiles (D)
  A hell rat (D)
  4 worker ants (D)
32 creatures vanquished.

Vanquished Creatures (others)
  A flying skull (D)
  A crocodile (D)
2 creatures vanquished.

Grand Total: 34 creatures vanquished

Notes
Turn   | Place    | Note
-------+----------+-------------------------------------------
     0 | D        | Kidiri the Spriggan Enchanter began the quest for the Orb.
     0 | D        | Reached XP level 1. HP: 9/9 MP: 5/5
     1 | D        | Noticed a necrophage
     1 | D        | Noticed a necrophage
     1 | D        | Noticed a necrophage
     1 | D        | Noticed a necrophage
     4 | D        | Noticed a tyrant leech
     4 | D        | Noticed a tyrant leech
     7 | D        | Noticed a hippogriff
     7 | D        | Noticed a hippogriff
    10 | D        | Noticed a worker ant
    10 | D        | Noticed a worker ant
    10 | D        | Noticed a worker ant
    10 | D        | Noticed a worker ant
    19 | D        | Killed a necrophage
    19 | D        | Reached skill level 1 in Fighting
    19 | D        | Reached skill level 1 in Armour
    19 | D        | Reached skill level 5 in Dodging
    19 | D        | Reached skill level 6 in Stealth
    19 | D        | Reached XP level 2. HP: 15/15 MP: 4/8
    19 | D        | Reached XP level 3. HP: 18/18 MP: 5/10
    19 | D        | Reached XP level 4. HP: 23/23 MP: 5/11
    28 | D        | Killed a necrophage
    28 | D        | Reached skill level 8 in Stealth
    28 | D        | Reached skill level 5 in Hexes
    28 | D        | Reached XP level 5. HP: 22/25 MP: 5/14
    37 | D        | Killed a crocodile
    41 | D        | HP: 1/24 [necrophage (7)]
    58 | D        | Killed a necrophage
    58 | D        | Reached skill level 5 in Short Blades
    58 | D        | Reached skill level 9 in Stealth
    95 | D        | Killed a necrophage
    95 | D        | Reached XP level 6. HP: 9/30 MP: 14/17
   112 | D        | Learned a level 2 spell: Ensorcelled Hibernation
   116 | D        | Learned a level 3 spell: Confuse
   120 | D        | Learned a level 3 spell: Tukima's Dance
   124 | D        | Learned a level 3 spell: Dazzling Spray
   510 | D        | Reached skill level 10 in Stealth
   570 | D        | Killed a hippogriff
   570 | D        | Reached XP level 7. HP: 35/35 MP: 17/19
   581 | D        | Killed a hippogriff
   581 | D        | Reached skill level 10 in Dodging
   581 | D        | Reached skill level 11 in Stealth
   586 | D        | Noticed an orange crystal statue
   588 | D        | Noticed Menkaure
   589 | D        | Found Qegrad's Assorted Antiques.
   589 | D        | Found Ujeonikh's Gadget Emporium.
   589 | D        | Noticed Kirke
   589 | D        | Noticed a kobold demonologist
   589 | D        | Noticed a skeletal warrior
   590 | D        | Killed Menkaure
   661 | D        | Killed a tyrant leech
   661 | D        | Reached skill level 12 in Stealth
   661 | D        | Reached XP level 8. HP: 40/40 MP: 18/22
   668 | D        | Killed a tyrant leech
   692 | D        | Found Anwutusa's Antique Weapon Shoppe.
   693 | D        | Found Atwegig's Antique Armour Emporium.
   694 | D        | Found Yvatilell's Jewellery Shoppe.
   697 | D        | Reached skill level 10 in Spellcasting
   698 | D        | Found Buaggyos's Distillery.
   698 | D        | Found Wioj's Book Emporium.
   705 | D        | Found Xuvvim's Food Shoppe.
   705 | D        | Found Unomiu's Weapon Emporium.
   705 | D        | Found Huufroso's Magic Scroll Shoppe.
   705 | D        | Found Keugywk's Distillery.
   710 | D        | Found Hiysche's Distillery.
   710 | D        | Found Saredwu's Distillery.
   710 | D        | Noticed a fire dragon
   710 | D        | Noticed an oklob plant
   711 | D        | Found Deroyklym's Jewellery Shoppe.
   711 | D        | Found Veaclu Qito's Antique Armour Emporium.
   711 | D        | Found Paup's Book Shoppe.
   712 | D        | Noticed a polar bear
   713 | D        | Noticed a polar bear
   728 | D        | Noticed an ice dragon
   744 | D        | Bought a scroll of enchant weapon for 90 gold pieces
   744 | D        | Bought a scroll of identify for 24 gold pieces
   773 | D        | Bought a +3 amulet of reflection for 157 gold pieces
   781 | D        | Bought an embroidered hat for 210 gold pieces
   798 | D        | Bought a scroll of identify for 40 gold pieces
   862 | D        | Bought an uncursed ring of protection from fire for 325 gold pieces
   896 | D        | Found an iron altar of Okawaru.
   896 | D        | Found a radiant altar of Vehumet.
   897 | D        | Found a glowing silver altar of Zin.
   902 | D        | Found a sparkling altar of Nemelex Xobeh.
   902 | D        | Found a hide-covered altar of Uskayaw.
   902 | D        | Found a basalt altar of Yredelemnul.
   902 | D        | Found a glowing golden altar of the Shining One.
   903 | D        | Found a burning altar of Makhleb.
   903 | D        | Found an opulent altar of Gozag.
   903 | D        | Found a bloodstained altar of Trog.
   903 | D        | Found a shimmering altar of Xom.
   904 | D        | Found a blossoming altar of Fedhas.
   904 | D        | Found a corrupted altar of Lugonu.
   904 | D        | Found a deep blue altar of Sif Muna.
   904 | D        | Found an ornate altar of the Wu Jian Council.
   905 | D        | Found a white marble altar of Elyvilon.
   905 | D        | Found an ancient bone altar of Kikubaaqudgha.
   905 | D        | Found a sacrificial altar of Ru.
   905 | D        | Noticed a polar bear
   906 | D        | Found a shadowy altar of Dithmenos.
   906 | D        | Found a viscous altar of Jiyva.
   906 | D        | Found a stormy altar of Qazlal.
   907 | D        | Noticed a polar bear
   907 | D        | Noticed a polar bear
   908 | D        | Found a snail-covered altar of Cheibriados.
   910 | D        | Noticed a yaktaur
   911 | D        | Noticed a hornet
   920 | D        | Killed a polar bear
   920 | D        | Reached skill level 13 in Stealth
   924 | D        | Killed a polar bear
   935 | D        | Killed a polar bear
   935 | D        | Reached skill level 5 in Fighting
   937 | D        | Killed a hornet
   937 | D        | Reached XP level 9. HP: 25/45 MP: 13/25
   947 | D        | Killed a yaktaur
   947 | D        | Reached skill level 10 in Short Blades
   947 | D        | Reached skill level 14 in Stealth
   957 | D        | Found a roughly hewn altar of Beogh.
   959 | D        | Found a hazy altar of Hepliaklqana.
   971 | D        | Became a worshipper of Dithmenos the Shadowed
   990 | D        | Reached skill level 1 in Invocations
   991 | D        | Reached * piety under Dithmenos
  1220 | D        | Noticed a deep elf master archer
  1223 | D        | Noticed a spiny frog
  1223 | D        | Noticed a spiny frog
  1225 | D        | Killed a spiny frog
  1225 | D        | Reached ** piety under Dithmenos
  1225 | D        | Reached skill level 5 in Armour
  1227 | D        | Killed a spiny frog
  1227 | D        | Reached skill level 15 in Stealth
  1254 | D        | Noticed a death drake
  1266 | D        | Noticed a kraken
  1451 | D        | Killed a kraken
  1451 | D        | Reached XP level 10. HP: 20/51 MP: 18/27
  1641 | D        | Reached *** piety under Dithmenos
  1651 | D        | Reached skill level 16 in Stealth
  1671 | D        | Noticed an obsidian statue
  1764 | D        | Noticed a deep troll
  1765 | D        | Noticed a deep troll
  1788 | D        | Killed a deep troll
  1805 | D        | Killed a deep troll
  1805 | D        | Reached skill level 15 in Dodging
  1805 | D        | Reached skill level 10 in Hexes
  1964 | D        | Noticed a sphinx
  1965 | D        | Noticed a sphinx
  1965 | D        | Paralysed by a sphinx for 2 turns
  1968 | D        | Slain by a sphinx

Vault maps used:
D:        the_violet_keep_of_menkaure

Skill      XL: |  1  2  3  4  5  6  7  8  9 10 |
---------------+-------------------------------+-----
Fighting       | 1 2 3 4 5 6 |  6.4
Short Blades   | 3 4 6 7 8 9 11 12 | 12.0
Armour         | 1 2 3 4 5 |  5.8
Dodging        | 5 7 8 9 11 12 14 15 | 15.1
Stealth        | 6 8 9 10 12 13 15 16 | 16.4
Spellcasting   | 4 6 7 8 9 11 12 13 | 13.2
Hexes          | 4 5 6 7 8 9 10 | 10.0
Invocations    | 3 4 |  4.2

Action                   |  1- 3 |  4- 6 |  7- 9 | 10-12 || total
-------------------------+-------+-------+-------+-------++-------
Melee: Dagger            |     4 |    80 |    38 |       ||   122
       Short sword       |       |       |     8 |    15 ||    23
 Cast: Corona            |     1 |     1 |       |       ||     2
       Ensorcelled Hiber |       |     4 |    17 |     6 ||    27
       Confuse           |       |       |     6 |     6 ||    12
       Dazzling Spray    |       |       |     1 |     6 ||     7
Invok: Shadow Step       |       |       |       |     1 ||     1
  Use: Potion            |     1 |     1 |     1 |     2 ||     5
       Scroll            |       |       |    11 |       ||    11
 Stab: Sleeping          |       |     5 |    14 |     3 ||    22
       Confused          |       |       |     6 |     4 ||    10
       Invisible         |       |       |     4 |       ||     4
Armor: Robe              |       |     2 |     2 |       ||     4
Dodge: Dodged            |     2 |    52 |    31 |    38 ||   123
Block: Buckler           |       |       |     2 |    15 ||    17
